 Dungeon Crawl Stone Soup version 0.23.2-1-ga50397a (webtiles) character file.

Game seed: 4983195309989634115

336611 myga the Stickfighter (level 22, -22/150 HPs)
             Began as a Gargoyle Gladiator on May 21, 2019.
             Was the Champion of Nemelex Xobeh.
             Killed from afar by an ice dragon (30 damage)
             ... with a blast of cold
             ... on level 3 of the Depths on May 22, 2019.
             The game lasted 04:29:57 (42002 turns).

myga the Stickfighter (Gargoyle Gladiator)         Turns: 42002, Time: 04:29:58

Health: -22/150    AC: 53    Str: 25    XL:     22   Next: 23%
Magic:  0/31       EV: 12    Int: 11    God:    Nemelex Xobeh [******]
Gold:   2258       SH:  0    Dex: 20    Spells: 21/21 levels left

rFire    . . .     SeeInvis .   e - +9 lajatang (vamp)
rCold    . . .     Gourm    .   (shield currently unavailable)
rNeg     + + .     Faith    .   A - +4 plate armour "Lugaok" {*Drain +Blink +Inv Regen+}
rPois    ∞         Spirit   +   g - +2 helmet
rElec    +         Reflect  .   u - scarf {Spirit}
rCorr    .         Harm     .   J - +2 pair of gloves {Dex+3}
MR       ++...                  v - +2 pair of boots
Stlth    ..........             c - amulet of Inolam {rN+ Regen+ Str+3}
HPRegen  1.15/turn              H - +4 ring of protection
MPRegen  0.22/turn              w - ring of protection from magic

@: no status effects
A: big wings, negative energy resistance 1, electricity resistance, strong 1,
unbreathing, petrification resistance, rot immunity, AC +16
}: 1/15 runes: serpentine
a: Fly, Draw Escape, Draw Destruction, Draw Summoning, Triple Draw, Deal Four,
Stack Five, Renounce Religion, Evoke Blink, Evoke Invisibility


You were on level 3 of the Depths.
You worshipped Nemelex Xobeh.
Nemelex Xobeh was exalted by your worship.
You were hungry.

You visited 7 branches of the dungeon, and saw 35 of its levels.
You also visited: Sewer and Wizlab.

You collected 3864 gold pieces.
You spent 1606 gold pieces at shops.

Inventory:

Hand Weapons
 e - a +9 vampiric lajatang (weapon)
Missiles
 l - 16 steel javelins
 B - 3 steel tomahawks
 N - a tomahawk (quivered)
 U - 4 javelins
Armour
 g - a +2 helmet (worn)
 u - a scarf of spirit shield (worn)
 v - a +2 pair of boots (worn)
 A - the +4 plate armour "Lugaok" (worn) {*Drain +Blink +Inv Regen+}
   (You found it on level 1 of the Vaults)

   It lets you turn invisible.
   It lets you blink.
   It increases your rate of regeneration.
   It causes draining when unequipped.
 J - a +2 pair of gloves of dexterity (worn)
Jewellery
 c - the amulet of Inolam (around neck) {rN+ Regen+ Str+3}
   (You found it on level 10 of the Dungeon)

   [amulet of regeneration]

   It affects your strength (+3).
   It protects you from negative energy.
   It increases your rate of regeneration.
 w - a ring of protection from magic (right hand)
 H - a +4 ring of protection (left hand)
 M - an uncursed ring of protection from cold
Wands
 a - a wand of acid (24)
 d - a wand of clouds (4)
 m - a wand of polymorph (14)
 x - a wand of paralysis (5)
 y - a wand of scattershot (2)
 z - a wand of iceblast (11)
 P - a wand of digging (6)
 S - a wand of flame (14)
 Z - a wand of enslavement (5)
Scrolls
 b - 8 scrolls of magic mapping
 h - 10 scrolls of teleportation
 i - 10 scrolls of fear
 p - 10 scrolls of enchant armour
 r - a scroll of torment
 t - 12 scrolls of remove curse
 C - 4 scrolls of brand weapon
 D - 4 scrolls of silence
 F - 8 scrolls of enchant weapon
 G - 12 scrolls of fog
 K - 2 scrolls of holy word
 L - 7 scrolls of immolation
 R - 3 scrolls of amnesia
 T - 25 scrolls of identify
Potions
 j - 2 potions of agility
 o - 3 potions of haste
 q - 17 potions of curing
 s - a potion of berserk rage
 E - 5 potions of lignification
 I - 3 potions of cancellation
 O - 5 potions of resistance
 Q - 6 potions of might
 Y - 3 potions of mutation
Miscellaneous
 n - a phantom mirror
 V - a box of beasts
 W - a lightning rod (4/4)
 X - a fan of gales
Comestibles
 f - 58 rations
 k - 8 chunks of flesh


   Skills:
 + Level 19.5 Fighting
 + Level 19.9 Staves
 + Level 15.7 Throwing
 + Level 16.7 Armour
 + Level 5.7 Dodging
 + Level 4.6 Stealth
 * Level 12.2 Invocations
 * Level 7.5 Evocations


You had 21 spell levels left.
You didn't know any spells.
Your spell library contained the following spells:

 Spells                   Type           Power        Failure   Level  Hunger
 Animate Skeleton         Necr           N/A          93%         1    ##.....
 Apportation              Tloc           #.....       93%         1    ##.....
 Confusing Touch          Hex            #.....       93%         1    ##.....
 Flame Tongue             Conj/Fire      #....        93%         1    ##.....
 Pain                     Necr           #...         93%         1    ##.....
 Sting                    Conj/Pois      #...         93%         1    ##.....
 Summon Butterflies       Summ           #.......     93%         1    ##.....
 Summon Small Mammal      Summ           #...         93%         1    ##.....
 Call Imp                 Summ           #.......     98%         2    ###....
 Ensorcelled Hibernation  Hex/Ice        #.....       98%         2    ###....
 Poisonous Vapours        Pois/Air       #.....       98%         2    ###....
 Throw Flame              Conj/Fire      #.....       98%         2    ###....
 Call Canine Familiar     Summ           #.......     100%        3    ####...
 Confuse                  Hex            #.......     100%        3    ####...
 Conjure Flame            Conj/Fire      #.......     100%        3    ####...
 Dazzling Spray           Conj/Hex       #.....       100%        3    ####...
 Gell's Gravitas          Tloc           #.........   100%        3    ####...
 Inner Flame              Hex/Fire       #.......     100%        3    ####...
 Lesser Beckoning         Tloc           #.........   100%        3    ####...
 Mephitic Cloud           Conj/Pois/Air  #.......     100%        3    ####...
 Portal Projectile        Hex/Tloc       #.....       100%        3    ####...
 Regeneration             Chrm/Necr      #.........   100%        3    ####...
 Summon Guardian Golem    Hex/Summ       #.......     100%        3    ####...
 Teleport Other           Tloc           #.......     100%        3    ####...
 Tukima's Dance           Hex            #.......     100%        3    ####...
 Vampiric Draining        Necr           #.........   100%        3    ####...
 Animate Dead             Necr           N/A          100%        4    #####..
 Cause Fear               Hex            #.........   100%        4    #####..
 Force Lance              Conj/Tloc      #.......     100%        4    #####..
 Ice Form                 Ice/Tmut       #.......     100%        4    #####..
 Olgreb's Toxic Radiance  Pois           #.......     100%        4    #####..
 Petrify                  Tmut/Erth      #.......     100%        4    #####..
 Sticky Flame             Conj/Fire      #.......     100%        4    #####..
 Summon Ice Beast         Ice/Summ       #.......     100%        4    #####..
 Summon Lightning Spire   Summ/Air       #.......     100%        4    #####..
 Alistair's Intoxication  Tmut/Pois      #.......     100%        5    ######.
 Fireball                 Conj/Fire      #.........   100%        5    ######.
 Metabolic Englaciation   Hex/Ice        #.........   100%        5    ######.
 Silence                  Hex/Air        #.........   100%        5    ######.
 Summon Mana Viper        Hex/Summ       #.......     100%        5    ######.
 Venom Bolt               Conj/Pois      #.........   100%        5    ######.
 Yara's Violent Unravell  Hex/Tmut       #.........   100%        5    ######.
 Conjure Ball Lightning   Conj/Air       #.........   100%        6    #######
 Deflect Missiles         Chrm/Air       #.........   100%        6    #######
 Invisibility             Hex            #.......     100%        6    #######
 Summon Hydra             Summ           #.........   100%        7    #######
 Tornado                  Air            #.........   100%        9    #######


Dungeon Overview and Level Annotations

Branches:
Dungeon (15/15)            Temple (1/1) D:4            Lair (6/6) D:8
  Swamp (0/4) Lair:2        Snake (4/4) Lair:2        Slime (0/5) Lair:5
    Orc (2/2) D:12            Elf (0/3) Orc:2        Vaults (4/5) D:13
  Crypt (0/3) Vaults:2     Depths (3/5) D:15

Altars:
Ashenzari
Cheibriados
Dithmenos
Elyvilon
Fedhas
Gozag
Hepliaklqana
Kikubaaqudgha
Makhleb
Nemelex Xobeh
Okawaru
Qazlal
Ru
Sif Muna
Trog
Uskayaw
Vehumet
Wu Jian
Xom
Yredelemnul
Zin
The Shining One
Beogh
Jiyva

Shops:
Orc:2 ??(}

Portals:
Hell: Depths:1 Depths:2
Pandemonium: Orc:2
Ziggurat: Depths:1

Annotations:
D:4 1 runed translucent door, TrebMcFLY's ghost, novice MiFi


Innate Abilities, Weirdness & Mutations

You are resistant to torment.
Your stone body is resilient. (AC +16)
You are immune to poison.
Your large and strong wings let you fly indefinitely.
You resist negative energy. (rN+)
You are resistant to electric shocks. (rElec)
You can survive without breathing.
You are immune to petrification.
You are immune to rotting.
Your muscles are strong. (Str +2)


Message History

You hit the ice dragon but do no damage.
The ice dragon is heavily wounded.
The ice dragon bites you but does no damage.
The ice dragon claws you but does no damage.
The ice dragon tramples you but does no damage.
Okay, then.
You blink.
You feel slightly more hungry.
The phantasmal warrior blinks!
A phantasmal warrior opens the door.
Items here: ( ))) [ † The phantasmal warrior blinks!
The ice dragon breathes frost at you.
The blast of cold hits the phantasmal warrior!
The phantasmal warrior resists.
The blast of cold hits you!!
* * * LOW HITPOINT WARNING * * *
There is a stone staircase leading up here.
The ice dragon breathes frost at you.
The blast of cold hits the phantasmal warrior!!
The phantasmal warrior resists.
The blast of cold hits you!!
You die...
Your body glows slightly and disappears.

#.....##
#(.§.## #..'##
. #....# ..
#(..## ...
#D..# ..
#)###'# #W#...#
#.@...+
...^.......#
.##....#.......
.'.....#.......
.#.....#.......
#.....#.......
#..#+###.......
#.. .......


You could see an ice dragon and a phantasmal warrior.

Vanquished Creatures
  Sojobo (Vaults:4)
  Asterion (Snake:1)
  A sphinx (Vaults:2)
  2 storm dragons
  2 tengu reavers (Vaults:4)
  The ghost of Vojta the Geomancer, a journeyman DDNe of Makhleb (D:15)
  6 nagarajas
  2 fire giants
  A deep elf sorcerer (Vaults:4)
  2 frost giants
  Aizul (Snake:1)
  9 vault wardens
  18 ironheart preservers
  12 stone giants
  2 entropy weavers
  A deep elf demonologist (Vaults:4)
  2 vampire knights (Depths:3)
  A yellow draconian (Lair:2)
  5 ettins
  The ghost of XPEneeg3 the Peltast, a journeyman HOFi of Beogh (Orc:2)
  A minotaur (Lair:2)
  5 dire elephants (Depths:2)
  An eidolon (Vaults:2)
  A merfolk javelineer (Depths:2)
  2 fire dragons
  7 yaktaur captains
  13 ogre magi
  3 great orbs of eyes
  7 ice dragons
  12 naga warriors
  Harold (D:7)
  3 rakshasas
  6 vault guards
  10 hydras
  14 anacondas
  5 centaur warriors
  A death knight (Vaults:2)
  A catoblepas (Lair:2)
  6 deep troll shamans
  Erica (Orc:1)
  32 two-headed ogres
  5 death yaks
  A vampire mage (Vaults:2)
  9 shock serpents
  A titan zombie (WizLab)
  6 deep troll earth magi
  An alligator (D:15)
  5 orc high priests (Orc:2)
  3 tengu warriors (D:14)
  16 naga sharpshooters
  A storm dragon zombie (WizLab)
  A soul eater (Orc:2)
  A spriggan berserker (Depths:1)
  A hell knight (D:15)
  A shadow wraith (Vaults:1)
  8 skeletal warriors (Vaults:2)
  An iron troll (Depths:2)
  8 deep elf knights
  5 sixfirhies
  A spark wasp zombie (WizLab)
  2 infernal demonspawn (Orc:2)
  6 salamander mystics
  30 deep trolls
  8 naga ritualists
  3 unseen horrors
  Pikel (D:8)
  2 flayed ghosts
  2 glowing orange brains
  2 wizards (Vaults:3)
  A shadow dragon zombie (WizLab)
  9 deep elf archers
  20 ironbrand convokers
  3 lindwurms (Snake:4)
  14 orc knights
  A necromancer (Vaults:2)
  3 harpies (Vaults:4)
  4 orc sorcerers
  21 ugly things
  3 cyclopes
  2 stone giant zombies (WizLab)
  4 wolf spiders
  25 deep elf magi
  2 moths of wrath (shapeshifter)
  8 mana vipers
  9 salamanders
  A frost giant zombie (WizLab)
  16 elephants
  Maurice (Orc:1)
  A manticore (D:14)
  8 vault sentinels
  6 guardian serpents
  39 black mambas
  Joseph (D:12)
  21 naga magi
  2 gargoyles
  A smoke demon (Orc:2)
  11 spiny frogs
  A kobold demonologist (D:14)
  3 centaur skeletons
  3 freezing wraiths (Vaults:2)
  2 yaktaur zombies (WizLab)
  7 komodo dragons
  58 yaktaurs
  3 rime drakes
  A guardian mummy (WizLab)
  2 jumping spiders
  2 hellwings (Orc:2)
  A red devil (Orc:2)
  4 tengu conjurers (D:15)
  3 polar bears
  11 trolls
  A fire dragon zombie (WizLab)
  5 hornets
  34 slime creatures
  A raiju (shapeshifter) (Vaults:2)
  16 hippogriffs
  A raiju (D:12)
  7 blink frogs
  2 hippogriffs (shapeshifter)
  A spriggan zombie (WizLab)
  3 dream sheep (Lair:6)
  9 spriggans (Lair:6)
  A spriggan (shapeshifter) (Vaults:2)
  2 tarantellas (shapeshifter)
  A wyvern (D:8)
  A wraith (Vaults:1)
  45 yaks
  2 redbacks (Vaults:3)
  A wyvern (shapeshifter) (Vaults:2)
  2 hogs
  A basilisk (D:15)
  A fire bat (shapeshifter) (Depths:2)
  6 vampire mosquitoes
  A neqoxec (Orc:2)
  A chaos spawn (Orc:2)
  3 hungry ghosts
  2 human simulacra
  2 swamp worms (Lair:2)
  35 nagas
  14 water moccasins
  6 wargs
  5 acid dragons
  2 soldier ants (D:8)
  A floating eye (Depths:2)
  16 porcupines
  48 orc warriors
  3 ice beasts
  2 sky beasts
  2 slaves (D:8)
  3 black bears (Lair:6)
  42 ogres
  20 centaurs
  2 phantoms
  A necrophage (D:10)
  33 wolves
  9 boggarts
  12 crocodiles
  8 big kobolds
  11 bullfrogs
  2 scorpions
  9 killer bees
  3 wights (D:14)
  3 electric eels
  11 crimson imps
  3 howler monkeys
  A bullfrog zombie (D:9)
  7 hounds
  2 centaur zombies
  24 orc priests
  6 jellies
  2 bullfrog skeletons (D:12)
  26 orc wizards
  4 iguanas
  A hell rat (D:8)
  13 worker ants
  A killer bee zombie (D:9)
  A hound zombie (D:6)
  11 gnolls
  10 adders
  5 shadow imps
  4 oozes
  2 adder skeletons
  An adder zombie (D:7)
  A worm (D:2)
  4 dart slugs
  6 leopard geckos
  90 orcs
  2 ball pythons
  8 giant cockroaches
  4 goblins
  6 hobgoblins
  5 jackals
  19 kobolds
  2 quokkas
  8 bats
  4 frilled lizards
  11 rats
  5 fungi
1426 creatures vanquished.

Vanquished Creatures (collateral kills)
  Mara (Snake:3)
  A greater mummy (WizLab)
  A storm dragon (D:12)
  2 vault wardens (Vaults:1)
  Louise (D:14)
  An ironheart preserver (Vaults:1)
  A stone giant (Orc:2)
  A minotaur (D:14)
  An ettin (D:15)
  A deep elf death mage (Vaults:1)
  2 mummy priests (WizLab)
  2 vault guards (Vaults:1)
  3 orc high priests (Orc:2)
  A death yak (D:8)
  2 naga sharpshooters (Snake:2)
  2 sixfirhies (D:12)
  A gelid demonspawn (Orc:2)
  2 orc knights
  A deep elf mage (Vaults:1)
  2 mana vipers
  2 ugly things (D:14)
  A stone giant zombie (WizLab)
  A salamander (Snake:2)
  A demonspawn zombie (WizLab)
  A vault sentinel (Vaults:1)
  2 naga magi (Snake:3)
  A spriggan zombie (WizLab)
  An efreet (D:15)
  A freezing wraith (D:15)
  A yaktaur (Vaults:1)
  A fire dragon zombie (WizLab)
  A hippogriff (D:8)
  A warg (D:15)
  A water moccasin (Lair:5)
  An orc warrior (Orc:2)
  An ogre (D:15)
  2 centaurs
  4 orc priests
  A worker ant (Orc:2)
  An adder (D:8)
  7 orcs
62 creatures vanquished.

Vanquished Creatures (others)
  A nagaraja (Snake:4)
  An ogre mage (Vaults:2)
  2 centaur warriors
  A two-headed ogre (Vaults:2)
  2 deep elf knights (Vaults:2)
  A salamander mystic (Snake:4)
  A phantasmal warrior (Depths:3)
  An orc sorcerer (Vaults:2)
  A cyclops (Vaults:1)
  A guardian serpent (Snake:4)
  A black mamba (Lair:6)
  A vault sentinel (Vaults:2)
  A centaur skeleton (D:15)
  2 spriggans (Lair:6)
  A yak (D:14)
  3 nagas
  2 orc warriors
  A slave (D:8)
  2 boggarts
  3 ogres
  A centaur (D:13)
  A bullfrog (D:8)
  4 orc priests
  4 orc wizards
  2 ball lightnings
  6 orcs
  16 fungi
  3 plants
  A withered plant (D:4)
67 creatures vanquished.

Grand Total: 1555 creatures vanquished

Notes
Turn   | Place    | Note
-------+----------+-------------------------------------------
     0 | D:1      | myga the Gargoyle Gladiator began the quest for the Orb.
     0 | D:1      | Reached XP level 1. HP: 12/12 MP: 1/1
   208 | D:1      | Reached XP level 2. HP: 16/17 MP: 2/2
   548 | D:1      | Reached XP level 3. HP: 20/22 MP: 3/3
   597 | D:1      | Found a sparkling altar of Nemelex Xobeh.
   990 | D:1      | Became a worshipper of Nemelex Xobeh the Trickster
  1302 | D:2      | Received a gift from Nemelex Xobeh
  1386 | D:2      | Reached XP level 4. HP: 27/27 MP: 4/4
  1863 | D:3      | Received a gift from Nemelex Xobeh
  2062 | D:3      | Reached * piety under Nemelex Xobeh
  2161 | D:3      | Reached skill level 1 in Armour
  2169 | D:3      | Reached skill level 1 in Invocations
  2183 | D:3      | Reached XP level 5. HP: 30/32 MP: 5/5
  2744 | D:4      | Found a sparkling altar of Nemelex Xobeh.
  2771 | D:4      | Found a staircase to the Ecumenical Temple.
  2782 | Temple   | Entered the Ecumenical Temple
  2943 | D:4      | Reached XP level 6. HP: 35/37 MP: 7/7
  3047 | D:4      | Noticed TrebMcFLY's ghost (novice MiFi)
  3048 | D:4      | Found a runed translucent door.
  3255 | D:5      | Entered Level 5 of the Dungeon
  3272 | D:5      | Reached skill level 5 in Staves
  3274 | D:5      | Found an iron altar of Okawaru.
  3465 | D:5      | Reached ** piety under Nemelex Xobeh
  3508 | D:5      | Received a gift from Nemelex Xobeh
  4165 | D:5      | Reached XP level 7. HP: 41/41 MP: 8/8
  4252 | D:6      | Received a gift from Nemelex Xobeh
  4408 | D:6      | Found a glowing drain.
  4412 | Sewer    | Entered a sewer
  4684 | Sewer    | Found a white marble altar of Elyvilon.
  4791 | D:6      | Reached XP level 8. HP: 45/48 MP: 10/10
  4964 | D:6      | Reached *** piety under Nemelex Xobeh
  5397 | D:7      | Received a gift from Nemelex Xobeh
  5569 | D:7      | Noticed a hippogriff
  5573 | D:7      | Noticed a yak
  5590 | D:7      | Killed a hippogriff
  5618 | D:7      | Killed a yak
  5797 | D:7      | Noticed a yak
  5797 | D:7      | Noticed a yak
  5799 | D:7      | Noticed a yak
  5812 | D:7      | Noticed a yak
  5813 | D:7      | Noticed a yak
  5815 | D:7      | Killed a yak
  5815 | D:7      | Reached XP level 9. HP: 39/52 MP: 12/12
  5821 | D:7      | Reached skill level 5 in Invocations
  5833 | D:7      | Reached skill level 5 in Fighting
  5845 | D:7      | Found a shattered altar of Ashenzari.
  5846 | D:7      | Found an ancient bone altar of Kikubaaqudgha.
  5849 | D:7      | Found a bloodstained altar of Trog.
  5849 | D:7      | Found a snail-covered altar of Cheibriados.
  5850 | D:7      | Found a basalt altar of Yredelemnul.
  5851 | D:7      | Found a hide-covered altar of Uskayaw.
  5855 | D:7      | Found a stormy altar of Qazlal.
  6003 | D:7      | Noticed Harold
  6037 | D:7      | Killed Harold
  6037 | D:7      | Reached skill level 5 in Armour
  6062 | D:7      | Received a gift from Nemelex Xobeh
  6246 | D:7      | Reached **** piety under Nemelex Xobeh
  6494 | D:8      | Noticed a hornet
  6501 | D:8      | Killed a hornet
  6501 | D:8      | Reached XP level 10. HP: 54/59 MP: 14/14
  6749 | D:8      | Noticed a death yak
  6752 | D:8      | Noticed a death yak
  6754 | D:8      | Noticed a death yak
  6779 | D:8      | Killed a death yak
  6779 | D:8      | Reached skill level 10 in Staves
  6784 | D:8      | Received a gift from Nemelex Xobeh
  6800 | D:8      | Killed a death yak
  6810 | D:8      | Killed a death yak
  6864 | D:8      | Found a staircase to the Lair.
  7178 | D:8      | Received a gift from Nemelex Xobeh
  7273 | D:8      | Found a hazy altar of Hepliaklqana.
  7273 | D:8      | Found a white marble altar of Elyvilon.
  7577 | D:8      | Reached ***** piety under Nemelex Xobeh
  7577 | D:8      | Received a gift from Nemelex Xobeh
  7594 | D:8      | Got a faintly glowing ring mail
  7598 | D:8      | Got a twisted ring mail
  7610 | D:8      | Identified the cursed +1 ring mail "Kiys" {Slay+2} (You
                  | found it on level 8 of the Dungeon)
  7621 | D:8      | Identified the cursed +0 ring mail "Peugah" {rF+ MP+9} (You
                  | found it on level 8 of the Dungeon)
  7643 | D:8      | Noticed Pikel
  7664 | D:8      | Killed Pikel
  8046 | Lair:1   | Entered Level 1 of the Lair of Beasts
  8059 | Lair:1   | Reached skill level 5 in Throwing
  8059 | Lair:1   | Reached XP level 11. HP: 56/66 MP: 16/16
  8316 | Lair:1   | Noticed a four-headed hydra
  8319 | Lair:1   | Killed a four-headed hydra
  8334 | Lair:1   | Received a gift from Nemelex Xobeh
  8444 | Lair:1   | Received a gift from Nemelex Xobeh
  8659 | Lair:1   | Received a gift from Nemelex Xobeh
  8659 | Lair:1   | Noticed a four-headed hydra
  8675 | Lair:1   | Killed a four-headed hydra
  9005 | Lair:2   | Found a staircase to the Snake Pit.
  9030 | Lair:2   | Noticed a catoblepas
  9038 | Lair:2   | Killed a catoblepas
  9594 | Lair:2   | Noticed a seven-headed hydra
  9620 | Lair:2   | Killed a seven-headed hydra
  9620 | Lair:2   | Reached XP level 12. HP: 21/74 MP: 5/17
  9887 | Lair:2   | Noticed a six-headed hydra
  9896 | Lair:2   | Killed a six-headed hydra
  9897 | Lair:2   | Found a staircase to the Swamp.
 10004 | Lair:2   | Reached skill level 1 in Stealth
 10108 | Lair:2   | Received a gift from Nemelex Xobeh
 10149 | Lair:2   | Reached skill level 10 in Armour
 10833 | Lair:2   | Received a gift from Nemelex Xobeh
 10989 | Lair:2   | Noticed a death yak
 10993 | Lair:2   | Noticed a death yak
 10995 | Lair:2   | Noticed a death yak
 10995 | Lair:2   | Noticed a death yak
 10996 | Lair:2   | Noticed a death yak
 11003 | Lair:2   | Noticed a death yak
 11009 | Lair:2   | Killed a death yak
 11031 | Lair:2   | Noticed a minotaur
 11031 | Lair:2   | a death yak changed into a minotaur
 11031 | Lair:2   | Noticed a yellow draconian
 11031 | Lair:2   | a death yak changed into a yellow draconian
 11031 | Lair:2   | Noticed an entropy weaver
 11031 | Lair:2   | a death yak changed into an entropy weaver
 11033 | Lair:2   | Killed a minotaur
 11034 | Lair:2   | Killed a death yak
 11037 | Lair:2   | Killed a death yak
 11052 | Lair:2   | Killed an entropy weaver
 11056 | Lair:2   | Killed a yellow draconian
 11698 | Lair:3   | Reached XP level 13. HP: 46/80 MP: 6/18
 11889 | Lair:3   | Received a gift from Nemelex Xobeh
 12125 | Lair:3   | Reached ****** piety under Nemelex Xobeh
 12802 | Lair:4   | Noticed Kirke
 12807 | Lair:4   | Noticed Kirke
 12807 | Lair:4   | Kirke changed into Kirke the fire giant
 12866 | Lair:4   | Killed Kirke the fire giant
 12866 | Lair:4   | Reached skill level 10 in Fighting
 12971 | Lair:4   | Received a gift from Nemelex Xobeh
 13014 | Lair:4   | Received a gift from Nemelex Xobeh
 13504 | Lair:4   | Received a gift from Nemelex Xobeh
 13791 | Lair:5   | Received a gift from Nemelex Xobeh
 14034 | Lair:5   | Found a staircase to the Slime Pits.
 14035 | Lair:5   | Found a viscous altar of Jiyva.
 16004 | D:9      | Received a gift from Nemelex Xobeh
 16305 | D:9      | Found a viscous altar of Jiyva.
 16420 | D:9      | Gained mutation: Your large and strong wings let you fly
                  | indefinitely. [Gargoyle growth]
 16420 | D:9      | Reached XP level 14. HP: 34/90 MP: 6/19
 16675 | D:10     | Entered Level 10 of the Dungeon
 16822 | D:10     | Got a slimy amethyst amulet
 16825 | D:10     | Found a shadowy altar of Dithmenos.
 16904 | D:10     | Received a gift from Nemelex Xobeh
 17619 | D:11     | Received a gift from Nemelex Xobeh
 17892 | D:11     | Identified the amulet of Inolam {rN+ Regen+ Str+3} (You
                  | found it on level 10 of the Dungeon)
 18169 | Lair:6   | Entered Level 6 of the Lair of Beasts
 18441 | Lair:6   | Reached skill level 15 in Staves
 18776 | Lair:6   | Received a gift from Nemelex Xobeh
 19669 | D:12     | Noticed a storm dragon
 19684 | D:12     | Killed a storm dragon
 19741 | D:12     | Received a gift from Nemelex Xobeh
 19758 | D:12     | Noticed Joseph
 19775 | D:12     | Killed Joseph
 19886 | D:12     | Found the +8 arc blade {discharge, rElec}
 19982 | D:12     | Found a staircase to the Orcish Mines.
 20104 | D:12     | Received a gift from Nemelex Xobeh
 20454 | D:13     | Reached XP level 15. HP: 83/97 MP: 6/20
 20578 | D:13     | Reached skill level 10 in Throwing
 20775 | D:13     | Found a gate to the Vaults.
 21057 | D:13     | Received a gift from Nemelex Xobeh
 21293 | D:14     | Noticed Frances
 21296 | D:14     | Noticed Frances
 21296 | D:14     | Frances changed into Frances the minotaur
 21300 | D:14     | Killed Frances the minotaur
 21506 | D:14     | Received a gift from Nemelex Xobeh
 21607 | D:14     | Received a gift from Nemelex Xobeh
 21743 | D:14     | Found a blossoming altar of Fedhas.
 21787 | D:14     | Noticed Louise
 21796 | D:14     | Killed Louise
 22460 | D:14     | Received a gift from Nemelex Xobeh
 22606 | D:15     | Entered Level 15 of the Dungeon
 22921 | D:15     | Received a gift from Nemelex Xobeh
 22960 | D:15     | Found a runed translucent door.
 22971 | D:15     | Noticed Vojta's ghost (journeyman DDNe)
 23287 | D:15     | Received a gift from Nemelex Xobeh
 23287 | D:15     | Found a staircase to the Depths.
 23341 | D:15     | Reached XP level 16. HP: 70/105 MP: 7/21
 23509 | D:15     | Killed Vojta's ghost
 23598 | Orc:1    | Entered Level 1 of the Orcish Mines
 23690 | Orc:1    | Noticed Maurice
 23736 | Orc:1    | Killed Maurice
 23932 | Orc:1    | Found a roughly hewn altar of Beogh.
 24021 | Orc:1    | Noticed Erica
 24048 | Orc:1    | Killed Erica
 24172 | Orc:2    | Entered Level 2 of the Orcish Mines
 24346 | Orc:2    | Noticed Urug
 24347 | Orc:2    | Noticed Urug
 24347 | Orc:2    | Urug changed into Urug the hippogriff
 24368 | Orc:1    | Killed Urug the hippogriff
 24628 | Orc:2    | Received a gift from Nemelex Xobeh
 24897 | Orc:2    | Found Qeagosme's Magic Scroll Emporium.
 24974 | Orc:2    | Found Kojevah's Magic Scroll Shoppe.
 25071 | Orc:2    | Gained mutation: Your muscles are strong. (Str +2) [a
                  | neqoxec]
 25387 | Orc:2    | Found a staircase to the Elven Halls.
 25660 | Orc:2    | HP: 2/106 [orc knight/+3 war axe of chopping (22)]
 25835 | Orc:2    | Found a runed translucent door.
 25835 | Orc:2    | Noticed XPEneeg3's ghost (journeyman HOFi)
 25859 | Orc:2    | Killed XPEneeg3's ghost
 26184 | Orc:2    | Found Irphidec's Antique Weapon Shop.
 26184 | Orc:2    | Found a one-way gate leading to the halls of Pandemonium.
 26184 | Orc:2    | Found Lugyuvun's Gadget Boutique.
 26384 | Orc:2    | Bought a scroll of torment for 127 gold pieces
 26392 | Orc:2    | Bought a scroll of enchant armour for 90 gold pieces
 26392 | Orc:2    | Bought 3 scrolls of silence for 270 gold pieces
 26392 | Orc:2    | Bought a scroll of fear for 42 gold pieces
 26392 | Orc:2    | Bought a scroll of fear for 42 gold pieces
 26392 | Orc:2    | Bought a scroll of enchant weapon for 90 gold pieces
 26392 | Orc:2    | Bought a scroll of enchant armour for 90 gold pieces
 26425 | Orc:2    | Bought a wand of clouds (5) for 405 gold pieces
 26425 | Orc:2    | Bought a phantom mirror for 450 gold pieces
 26660 | Snake:1  | Entered Level 1 of the Snake Pit
 26689 | Snake:1  | Received a gift from Nemelex Xobeh
 26888 | Snake:1  | Noticed Aizul
 26915 | Snake:1  | Killed Aizul
 27013 | Snake:1  | Received a gift from Nemelex Xobeh
 27462 | Snake:1  | Identified a scroll of acquirement
 27523 | Snake:1  | Received a gift from Nemelex Xobeh
 27839 | Snake:1  | Noticed Asterion
 27848 | Snake:1  | Killed Asterion
 28318 | Snake:2  | Reached XP level 17. HP: 112/112 MP: 22/22
 28662 | Snake:2  | Received a gift from Nemelex Xobeh
 28705 | Snake:2  | Reached skill level 15 in Fighting
 29252 | Snake:3  | Received a gift from Nemelex Xobeh
 29394 | Snake:3  | Noticed Mara
 29399 | Snake:3  | Noticed myga's illusion
 29406 | Snake:3  | Killed Mara
 29926 | Snake:3  | Received a gift from Nemelex Xobeh
 29970 | Snake:4  | Entered Level 4 of the Snake Pit
 30887 | Snake:4  | Reached XP level 18. HP: 100/120 MP: 23/23
 31476 | Snake:4  | Reached skill level 15 in Armour
 31590 | Snake:4  | Reached skill level 5 in Dodging
 31643 | Snake:4  | Got a serpentine rune of Zot
 32003 | Vaults:1 | Entered Level 1 of the Vaults
 32446 | Vaults:1 | Received a gift from Nemelex Xobeh
 32735 | Vaults:1 | Reached XP level 19. HP: 127/127 MP: 24/24
 33106 | Vaults:1 | Got a shimmering plate armour
 33122 | Vaults:1 | Identified the +4 plate armour "Lugaok" {*Drain +Blink +Inv
                  | Regen+} (You found it on level 1 of the Vaults)
 33208 | Vaults:1 | Reached skill level 1 in Evocations
 33407 | Vaults:1 | Identified the +6 chain mail of Xuliy {rPois rC- rCorr
                  | Str+5} (You found it on level 1 of the Vaults)
 33745 | Vaults:1 | Received a gift from Nemelex Xobeh
 33935 | Vaults:2 | Found a staircase to the Crypt.
 34325 | Vaults:2 | Found a magical portal.
 34334 | WizLab   | Entered Doroklohe's Tomb
 34341 | WizLab   | Received a gift from Nemelex Xobeh
 34602 | WizLab   | Noticed a greater mummy
 34671 | WizLab   | Killed a greater mummy
 35019 | Vaults:2 | Reached skill level 15 in Throwing
 35115 | Vaults:2 | Received a gift from Nemelex Xobeh
 35269 | Vaults:2 | Reached XP level 20. HP: 115/136 MP: 27/27
 35639 | Vaults:2 | Got an ancient hunting sling
 35675 | Vaults:2 | You fall through a shaft!
 36078 | Vaults:3 | Received a gift from Nemelex Xobeh
 36120 | Vaults:3 | Reached skill level 10 in Invocations
 36606 | Vaults:3 | Received a gift from Nemelex Xobeh
 37072 | Vaults:3 | Reached skill level 5 in Evocations
 37428 | Vaults:2 | Received a gift from Nemelex Xobeh
 38078 | Vaults:4 | Received a gift from Nemelex Xobeh
 38171 | Vaults:4 | Noticed Sojobo
 38333 | Vaults:4 | Reached XP level 21. HP: 142/142 MP: 29/29
 38684 | Vaults:4 | Identified the Catalogue of Beguiling
 38815 | Vaults:4 | Got a warped leather armour
 38826 | Vaults:4 | Identified the +1 leather armour of the Serpent {Str+6
                  | Int+2} (You found it on level 4 of the Vaults)
 38872 | Vaults:4 | Identified the Almanac of the Ageless Lives
 39468 | Vaults:4 | Killed Sojobo
 40018 | Depths:1 | Entered Level 1 of the Depths
 40105 | Depths:1 | Received a gift from Nemelex Xobeh
 40201 | Depths:1 | Identified the +6 chain mail of Dawn {MR++} (You found it
                  | on level 1 of the Depths)
 40224 | Depths:1 | Found a gateway to a ziggurat.
 40275 | Depths:1 | Found a gateway to Hell.
 40593 | Depths:1 | Received a gift from Nemelex Xobeh
 40640 | Depths:1 | You fall through a shaft!
 40955 | Depths:2 | Received a gift from Nemelex Xobeh
 41258 | Depths:2 | Reached XP level 22. HP: 150/150 MP: 31/31
 41687 | Depths:2 | Paralysed by a floating eye for 3 turns
 41697 | Depths:2 | Paralysed by a floating eye for 2 turns
 41949 | Depths:3 | Paralysed by a vampire knight for 6 turns
 42000 | Depths:3 | HP: 6/150 [ice dragon/blast of cold (25)]
 42002 | Depths:3 | Killed from afar by an ice dragon

Skill      XL: |  1  2  3  4  5  6  7  8  9 10 11 12 13 14 15 16 17 18 19 20 21 |
---------------+----------------------------------------------------------------+-----
Staves         | 4 5 6 8 9 11 12 14 15 16 17 18 19 | 19.9
Throwing       | 2 3 4 5 6 8 9 11 13 14 15 | 15.7
Armour         | 1 2 3 4 5 7 9 10 11 12 13 14 15 16 | 16.7
Invocations    | 1 2 3 4 6 7 9 10 12 | 12.2
Fighting       | 3 4 5 6 8 9 11 12 13 14 15 16 17 18 19 | 19.5
Stealth        | 1 4 |  4.6
Dodging        | 3 4 5 |  5.7
Evocations     | 2 5 7 |  7.5

Action                   |  1- 3 |  4- 6 |  7- 9 | 10-12 | 13-15 | 16-18 | 19-21 | 22-24 || total
-------------------------+-------+-------+-------+-------+-------+-------+-------+-------++-------
Melee: Quarterstaff      |   100 |   190 |   317 |   731 |  1852 |   701 |       |       ||  3891
       Lajatang          |       |       |       |       |       |   798 |  1724 |   144 ||  2666
Throw: Stone             |    60 |    74 |    56 |   140 |   157 |    18 |       |       ||   505
       Throwing net      |     1 |       |       |       |    10 |       |     1 |       ||    12
       Tomahawk          |       |       |       |     5 |   170 |   408 |   182 |    14 ||   779
       Javelin           |       |       |       |       |   182 |    19 |    45 |     5 ||   251
Invok: Deal Four         |       |       |       |       |       |       |     2 |       ||     2
 Abil: Draw Destruction  |       |       |     5 |    19 |    30 |    32 |    13 |       ||    99
       Draw Summoning    |       |       |       |     2 |     7 |    14 |     5 |       ||    28
       Draw Escape       |       |       |       |     2 |    12 |     9 |     2 |       ||    25
       Evoke Blink       |       |       |       |       |       |       |     2 |     3 ||     5
Evoke: Wand              |       |       |       |     3 |     4 |     1 |    32 |       ||    40
       Box of beasts     |       |       |       |       |       |     1 |       |       ||     1
       Phantom mirror    |       |       |       |       |       |       |     1 |       ||     1
  Use: Scroll            |       |    11 |     6 |     5 |     7 |    16 |    14 |       ||    59
       Potion            |       |     2 |     2 |     6 |     4 |     2 |     3 |       ||    19
 Stab: Distracted        |       |       |       |       |     2 |     2 |       |       ||     4
       Petrified         |       |       |       |       |     9 |       |       |       ||     9
       Confused          |       |       |       |       |     1 |       |       |       ||     1
       Held in net/web   |       |       |       |       |     1 |       |       |       ||     1
       Paralysed         |       |       |       |       |       |     3 |       |       ||     3
  Eat: Chunk             |     2 |     4 |     9 |    17 |    39 |    28 |    24 |     2 ||   125
       Ration            |       |     1 |       |       |     1 |     2 |     2 |       ||     6
Armor: Leather armour    |    15 |       |       |       |       |       |       |       ||    15
       Plate armour      |    51 |   171 |   179 |   455 |   860 |       |  1287 |   139 ||  3142
       Storm dragon scal |       |       |       |       |   479 |  1010 |    46 |       ||  1535
Dodge: Dodged            |    52 |    52 |    92 |   179 |   594 |   624 |   720 |    68 ||  2381
